 Dungeon Crawl Stone Soup version 0.30.0-29-ga12c61a403 (webtiles) character file.

Game seed: 2062106843269699449

90 qw the Chopper (level 4, -7/28 HPs)
             Began as a Gargoyle Fighter on June 4, 2023.
             Killed by divine providence
             ... invoked by an orc priest
              (9 damage)
             ... on level 3 of the Dungeon.
             The game lasted 00:00:55 (1921 turns).

qw the Chopper (Gargoyle Fighter)                   Turns: 1921, Time: 00:00:56

Health: -7/28      AC: 10    Str: 21    XL:     4   Next: 56%
Magic:  4/4        EV:  9    Int:  9    God:
Gold:   79         SH:  4    Dex:  9    Spells: 3/3 levels left

rFire   . . .        Y - +0 war axe (drain)
rCold   . . .        c - +0 buckler
rNeg    + . .        b - +0 scale mail
rPois   inf          (no helmet)
rElec   +            (no cloak)
rCorr   .            (no gloves)
SInv    .            (no boots)
Will    .....        f - amulet of faith Stlth
                     (no ring)
HPRegen 0.24/turn    (no ring)
MPRegen 0.09/turn

%: faith
@: no status effects
A: sickness immunity, AC +3, negative energy resistance 1, electricity
resistance, torment resistance 1, petrification resistance
a: no special abilities


You were on level 3 of the Dungeon.
You visited 1 branch of the dungeon, and saw 3 of its levels.

You collected 135 gold pieces.
You spent 56 gold pieces at shops.


Innate Abilities, Weirdness & Mutations

You are immune to sickness and miasma.
Your stone body is resilient. (AC +3)
You are immune to poison.
You resist negative energy. (rN+)
You are resistant to electric shocks. (rElec)
You are resistant to unholy torment.
You are immune to petrification.


   Skills:
 - Level 3.2 Fighting
 + Level 4.2 Axes
 - Level 3.2 Armour
 - Level 3.2 Shields


You had 3 spell levels left.
You didn't know any spells.
Your spell library was empty.

Inventory:

Hand Weapons
 a - a +0 flail
 Y - a +0 war axe of draining (weapon)
Armour
 b - a +0 scale mail (worn)
 c - a +0 buckler (worn)
Jewellery
 f - an amulet of faith (around neck)
Scrolls
 g - 2 scrolls of identify
Potions
 d - a potion of might
 i - a potion of cancellation
 j - a potion of mutation
 k - a potion of haste

Dungeon Overview and Level Annotations

Branches:
Dungeon (3/15)

Altars:
Zin

Shops:
D:2 [[?(

Annotations:
D:3 Grinder


Message History

The adder bites you but does no damage.
You closely miss the adder.
The adder is heavily wounded.
You barely miss Grinder. The adder bites you.
Grinder says, "DUCK!"
Grinder barely misses you. The adder barely misses you.
Grinder hits you but does no damage.
1917 ||| READING scroll of teleportation.
As you read the scroll of teleportation, it crumbles to dust.
You feel strangely unstable. The adder bites you but does no damage.
You block Grinder's attack.
You miss the adder.
The adder is heavily wounded.
You closely miss Grinder. The adder bites you but does no damage.
Grinder gestures at you. Pain shoots through your body!
The adder barely misses you.
You closely miss the adder.
The adder is heavily wounded.
You barely miss Grinder. The adder bites you but does no damage.
Grinder hits you but does no damage.
You slash the adder!
You kill the adder!
You hit Grinder.
Your surroundings suddenly seem different.
An endoplasm, an orc and a goblin come into view.
Found five items.
The endoplasm quivers.
The orc shouts!
The goblin shouts!
You hear a shout!
A frilled lizard comes into view.
An orc priest comes into view. It is wielding a +0 short sword.
Enter note: An orc comes into view. It is wielding a +0 hand axe.
Found a glowing silver altar of Zin.
The orc shouts!
The frilled lizard hisses angrily.
An adder comes into view.
The orc priest invokes the aid of Beogh against you.
Beogh smites you!
You die...

...............
#......S........
#...............
#$........?.....
#...............
#...............
#...!...........
#...............
o.o.o$.@........
#...............
#....g!.........
#:..J...$$......
#....###.###....
#..l. #.# ....
#... ... ...
#... _.


You could see an orc priest, an adder (wandering), 2 orcs, an endoplasm, a
goblin and a frilled lizard.

Vanquished Creatures
  An orc wizard (D:3)
  3 adders
  A dart slug (D:2)
  3 orcs (D:3)
  3 endoplasms (D:1)
  3 goblins
  3 hobgoblins (D:1)
  5 kobolds
  2 quokkas (D:1)
  3 ball pythons
  2 bats
  3 frilled lizards
  3 rats
35 creatures vanquished.

Notes
Turn   | Place    | Note
-------+----------+-------------------------------------------
     0 | D:1      | qw the Gargoyle Fighter began the quest for the Orb.
     0 | D:1      | Reached XP level 1. HP: 14/14 MP: 1/1
     0 | D:1      | 0 ||| qw: Version: 0.2-a-107-g4668610
     0 | D:1      | 0 ||| qw: Game counter: 1219
     0 | D:1      | 0 ||| qw: Always use a shield: true
     0 | D:1      | 0 ||| qw: God list: Okawaru
     0 | D:1      | 0 ||| qw: Allow faded altars: false
     0 | D:1      | 0 ||| qw: Do Orc after D:15 true
     0 | D:1      | 0 ||| qw: Do second Lair branch before Depths: true
     0 | D:1      | 0 ||| qw: Lair rune preference: random
     0 | D:1      | 0 ||| qw: Plans: Normal, Zot:1-4, Slime:5, God:TSO, Crypt,
                  | Tomb, Abyss, Pan, Hells, Win
     0 | D:1      | 0 ||| PLANNING D:1-11
   232 | D:1      | Reached skill level 2 in Axes
   234 | D:1      | Reached XP level 2. HP: 16/19 MP: 2/2
   245 | D:1      | 245 ||| Stepping ~*~*~tactically~*~*~ (stealth).
   522 | D:1      | Found a faded altar of an unknown god.
   613 | D:1      | 613 ||| DROPPING +0 club.
   906 | D:1      | 906 ||| UPGRADING to amulet of faith.
   911 | D:1      | 911 ||| READING scroll labelled BEANUC PA POVU.
   912 | D:1      | 912 ||| READING scroll labelled DUAGOJ MAOMPAQ.
   913 | D:1      | 913 ||| READING scroll labelled WUMNAP AWKIGA.
   914 | D:1      | 914 ||| READING scroll labelled LOUTA ETURR.
   969 | D:2      | Reached skill level 3 in Axes
   971 | D:2      | Identified the +0 mace of the Modern Heavens {heavy, Int+5}
   973 | D:2      | 973 ||| DROPPING +0 whip.
   993 | D:2      | Reached XP level 3. HP: 23/23 MP: 3/3
  1025 | D:2      | Found Ruselax's Magic Scroll Shop.
  1026 | D:2      | Found Qotiuq's Armour Emporium.
  1043 | D:2      | 1043 ||| SHOPLISTING scroll of enchant armour (105 gold,
                  | have 79).
  1043 | D:2      | 1043 ||| BUYING scroll of identify (28 gold).
  1043 | D:2      | Bought a scroll of identify for 28 gold pieces
  1043 | D:2      | 1043 ||| BUYING scroll of identify (28 gold).
  1043 | D:2      | Bought a scroll of identify for 28 gold pieces
  1043 | D:2      | 1043 ||| SHOPLISTING scroll of identify (28 gold, have 23).
  1067 | D:2      | Found Ryapn's Antique Armour Shoppe.
  1072 | D:2      | 1072 ||| SHOPLISTING +0 cloak (63 gold, have 34).
  1072 | D:2      | 1072 ||| SHOPLISTING +0 pair of boots (63 gold, have 34).
  1072 | D:2      | 1072 ||| SHOPLISTING +1 scale mail of willpower (224 gold,
                  | have 34).
  1072 | D:2      | 1072 ||| SHOPLISTING +10 plate armour of ponderousness (700
                  | gold, have 34).
  1072 | D:2      | 1072 ||| SHOPLISTING +2 chain mail of willpower (301 gold,
                  | have 34).
  1072 | D:2      | 1072 ||| SHOPLISTING +2 robe of fire resistance (247 gold,
                  | have 34).
  1096 | D:2      | 1096 ||| SHOPLISTING chain mail (103 gold, have 34).
  1096 | D:2      | 1096 ||| SHOPLISTING plate armour (529 gold, have 34).
  1096 | D:2      | 1096 ||| SHOPLISTING shiny plate armour (598 gold, have
                  | 34).
  1175 | D:2      | 1175 ||| READING scroll of brand weapon.
  1175 | D:2      | 1175 ||| BRANDING +0 heavy war axe.
  1287 | D:2      | Found Tymish's Antique Weapon Boutique.
  1461 | D:2      | 1461 ||| READING scroll labelled DOCRUCVOKUU.
  1465 | D:2      | 1465 ||| READING scroll labelled NADEQE NUTSI.
  1466 | D:2      | 1466 ||| READING scroll labelled WUKLEG DIYCS.
  1467 | D:2      | 1467 ||| READING scroll labelled PISYSM BYRY.
  1468 | D:2      | 1468 ||| READING 5 scrolls of identify.
  1468 | D:2      | 1468 ||| IDENTIFYING murky silvery potion
  1469 | D:2      | 1469 ||| READING 4 scrolls of identify.
  1469 | D:2      | 1469 ||| IDENTIFYING metallic golden potion
  1470 | D:2      | 1470 ||| READING 3 scrolls of identify.
  1470 | D:2      | 1470 ||| IDENTIFYING metallic cyan potion
  1540 | D:3      | 1540 ||| Stepping ~*~*~tactically~*~*~ (hiding).
  1550 | D:3      | Reached XP level 4. HP: 21/28 MP: 4/4
  1562 | D:3      | 1562 ||| FLEEEEING.
  1575 | D:3      | 1575 ||| FLEEEEING.
  1576 | D:3      | 1576 ||| FLEEEEING.
  1577 | D:3      | 1577 ||| FLEEEEING.
  1578 | D:3      | 1578 ||| FLEEEEING.
  1579 | D:3      | 1579 ||| FLEEEEING.
  1580 | D:3      | 1580 ||| FLEEEEING.
  1581 | D:3      | 1581 ||| FLEEEEING.
  1582 | D:3      | 1582 ||| FLEEEEING.
  1583 | D:3      | 1583 ||| FLEEEEING.
  1584 | D:3      | 1584 ||| FLEEEEING.
  1585 | D:3      | 1585 ||| FLEEEEING.
  1586 | D:3      | 1586 ||| FLEEEEING.
  1588 | D:3      | 1588 ||| STAIRDANCE
  1635 | D:3      | 1635 ||| Stepping ~*~*~tactically~*~*~ (hiding).
  1643 | D:3      | Reached skill level 4 in Axes
  1743 | D:3      | 1743 ||| DROPPING +0 mace of the Modern Heavens {heavy,
                  | Int+5}.
  1902 | D:3      | Noticed Grinder
  1907 | D:3      | Paralysed by Grinder for 4 turns
  1916 | D:3      | HP: 7/28 [adder (1)]
  1917 | D:3      | 1917 ||| READING scroll of teleportation.
  1918 | D:3      | HP: 1/28 [Grinder/nerve-wracking pain (7)]
  1921 | D:3      | Found a glowing silver altar of Zin.
  1921 | D:3      | Killed from afar by an orc priest

Levels and vault maps discovered:
D:1:      nicolae_arrival_somewhat_less_tricky_arrival, layout_loops_ring,
          serial_rivers, chequers_serial_rivers_micro_d,
          chequers_serial_rivers_micro_a, chequers_serial_rivers_small_b,
          chequers_serial_rivers_room_a, chequers_serial_rivers_room_a,
          shapermc_ecumenical_altar_mp_vishouse, minmay_misc_feat_four_crosses
D:2:      layout_rooms, serial_shops, nicolae_shop_hallway_plus, shop, shop,
          nicolae_shop_statue_plus
D:3:      layout_basic, mainiacjoe_overflow_alcove_2,
          nicolae_hepliaklqana_hippocampus, gammafunk_ghost_necromancy,
          uniq_grinder

Skill      XL: |  1  2  3  4 |
---------------+-------------+-----
Axes           | 2 3 4 |  4.2
Fighting       | |  3.2
Armour         | |  3.2
Shields        | |  3.2

Action                     |  1- 3 |  4- 6 || total
---------------------------+-------+-------++-------
  Melee: War axe           |    88 |    29 ||   117
    Use: Scroll            |    12 |     1 ||    13
 Armour: Scale mail        |    44 |    18 ||    62
  Dodge: Dodged            |    42 |    19 ||    61
  Block: Buckler           |    19 |     9 ||    28

Table legend:
 A = Non-vault XP
 B = Vault XP
 C = Vault XP percentage of total XP
 D = Non-vault monster count
 E = Vault monster count
 F = Vault count percentage of total count
                 A         B        C        D         E       F
            +---------+---------+-------+---------+---------+-------
      Total |     129 |       0 |   0.0 |      35 |       0 |   0.0
            +---------+---------+-------+---------+---------+-------
        D:1 |      29 |       0 |   0.0 |      18 |       0 |   0.0
        D:2 |      24 |       0 |   0.0 |       7 |       0 |   0.0
        D:3 |      76 |       0 |   0.0 |      10 |       0 |   0.0
            +---------+---------+-------+---------+---------+-------
